 Dungeon Crawl Stone Soup version 0.15.0-23-gc2b521c (webtiles) character file.

233 Iskender the Cudgeler (level 6, -3/47 HPs)
             Began as a Formicid Fighter on Sept 9, 2014.
             Slain by a killer bee (5 damage)
             ... on Level 7 of the Dungeon.
             The game lasted 00:20:10 (2528 turns).

Iskender the Cudgeler (Formicid Fighter)            Turns: 2528, Time: 00:20:11

HP  -3/47        AC  8     Str 26      XL: 6   Next: 25%
MP   8/8         EV  7     Int  7      God:
Gold 195         SH 10     Dex 12      Spells:  0 memorised,  5 levels left

rFire  . . .     SeeInvis +     a - +0 flail
rCold  . . .     Clarity  .     b - +0 scale mail
rNeg   . . .     rCorr    .     c - +0 shield
rPois  .         rRot     .     (helmet unavailable)
rElec  .         Spirit   .     (no cloak)
SustAb .         Warding  .     (no gloves)
rMut   .         Stasis   +     g - +0 pair of boots
Gourm  .                        (no amulet)
MR     .....                    (no ring)
                                (no ring)

@: mighty, not resistant to hostile enchantments, extremely unstealthy
A: permanent stasis, dig shafts and tunnels, four strong arms, antennae 3
a: Dig, Shaft Self


You were on level 7 of the Dungeon.
You were not hungry.

You visited 1 branch of the dungeon, and saw 5 of its levels.

You collected 195 gold pieces.

Inventory:

Hand weapons
 a - a +0 flail (weapon)
 o - a +0 trident
 w - a +0 hand axe
 y - a +2 dagger of protection
 B - a +4 dagger
Missiles
 h - 45 stones (quivered)
 r - 18 bolts
 v - 7 poisoned needles
Armour
 b - a +0 scale mail (worn)
 c - a +0 shield (worn)
 g - a +0 pair of boots (worn)
 E - a +0 chain mail
Comestibles
 d - a bread ration
 m - 2 meat rations
 s - a royal jelly
Scrolls
 j - a scroll of enchant weapon {unknown}
 k - a scroll of enchant armour {unknown}
 l - a scroll of recharging {unknown}
 p - a scroll of noise {unknown}
 t - a scroll of fear {unknown}
 x - a scroll of fog
 C - a scroll of identify {unknown}
 F - a scroll of magic mapping {unknown}
Potions
 n - a potion of invisibility {unknown}
 u - a potion of confusion {unknown}
 z - a potion of poison {unknown}
 D - a potion of haste {unknown}


   Skills:
 - Level 3.2 Fighting
 + Level 6.1 Maces & Flails
 - Level 3.2 Armour
 - Level 3.6 Shields


You had 5 spell levels left.
You didn't know any spells.

Dungeon Overview and Level Annotations

Branches:
Dungeon (7/15)
 Temple: D:4-7

Altars:

Annotations:
D:3 Iskender's ghost, weakling GrCK
D:4 Dowan; Duvessa


Innate Abilities, Weirdness & Mutations

Your are under a permanent stasis effect.
You can dig through walls and to a lower floor.
Your four strong arms can wield two-handed weapons with a shield.
You have a pair of large antennae on your head (SInv).


Message History

* * * LOW HITPOINT WARNING * * *
* * * LOW HITPOINT WARNING * * *
You feel sick. You block the killer bee's attack.
Drink which item? (? for menu, Esc to quit)
You feel better. The killer bee stings you. You block the killer bee's attack.
You aren't carrying any items that can be evoked.
You miss the killer bee.
The killer bee is heavily wounded.
The killer bee stings you but does no damage.
The killer bee stings you!
* * * LOW HITPOINT WARNING * * *
Drink which item? (? for menu, Esc to quit)
You feel very mighty all of a sudden. The killer bee stings you!
* * * LOW HITPOINT WARNING * * *
The killer bee stings you but does no damage.
You closely miss the killer bee.
The killer bee is heavily wounded.
The killer bee stings you.
You die...

######
##.....##########
...........b.b..#
.#.....########.#
.......... #.#
....##... #.#
y........######.##
............yy@..#
###############..#
...# ##.# .# .# .#
.


You could see 2 killer bees.

Vanquished Creatures
  2 orc priests (D:3)
  2 orc wizards (D:3)
  3 gnolls (D:2)
  3 adders
  A giant mite (D:2)
  2 worms
  An ooze (D:2)
  4 orcs (D:3)
  A ball python (D:3)
  4 bats
  A giant cockroach (D:1)
  5 goblins
  4 hobgoblins
  2 giant newts (D:3)
  2 jackals (D:2)
  6 kobolds
  5 rats
48 creatures vanquished.

Notes
Turn   | Place    | Note
--------------------------------------------------------------
     0 | D:1      | Iskender, the Formicid Fighter, began the quest for the Orb.
     0 | D:1      | Reached XP level 1. HP: 18/18 MP: 1/1
    88 | D:1      | Reached XP level 2. HP: 24/24 MP: 3/3
   647 | D:2      | Reached XP level 3. HP: 29/29 MP: 4/4
   920 | D:2      | Reached skill level 4 in Maces & Flails
   920 | D:2      | Reached XP level 4. HP: 35/35 MP: 5/5
  1348 | D:3      | Reached XP level 5. HP: 41/41 MP: 7/7
  1805 | D:3      | Reached skill level 5 in Maces & Flails
  2119 | D:3      | Reached XP level 6. HP: 47/47 MP: 8/8
  2133 | D:3      | Reached skill level 6 in Maces & Flails
  2169 | D:3      | Noticed Iskender's ghost (weakling GrCK)
  2343 | D:4      | Noticed Duvessa
  2352 | D:4      | Noticed Dowan
  2355 | D:4      | You fall through a shaft for 3 floors!
  2527 | D:7      | HP: 2/47 [killer bee (7)]
  2528 | D:7      | Slain by a killer bee

Action                   |  1- 3 |  4- 6 || total
-------------------------+-------+-------++-------
Melee: Flail             |    79 |   116 ||   195
Throw: Stone             |     4 |    13 ||    17
 Abil: Dig               |       |     1 ||     1
       Shaft Self        |       |     1 ||     1
  Use: Scroll            |       |     5 ||     5
       Potion            |       |     3 ||     3
  Eat: Chunk             |       |     5 ||     5
       Beef jerky        |       |     2 ||     2
